 Dungeon Crawl Stone Soup version 0.29.1-1-gd02db6906a (webtiles) character file.

Game seed: 309471339102621310

144 raincastle the Trooper (level 5, -2/42 HPs)
             Began as a Demonspawn Abyssal Knight on Sept 15, 2022.
             Was a Priest of Lugonu.
             Slain by Grinder (5 damage)
             ... on level 3 of the Dungeon.
             The game lasted 00:10:48 (3704 turns).

raincastle the Trooper (Demonspawn Abyssal Knight)  Turns: 3704, Time: 00:10:48

Health: -2/42      AC:  7    Str: 16    XL:     5   Next: 5%
Magic:  7/7        EV:  5    Int: 11    God:    Lugonu [***...]
Gold:   102        SH: 11    Dex: 13    Spells: 4/4 levels left

rFire   . . .      SeeInvis .   p - +0 flail
rCold   . . .      Faith    .   b - +0 tower shield
rNeg    . . .      Spirit   .   r - +0 scale mail
rPois   .          Reflect  .   (no helmet)
rElec   .          Harm     .   (no cloak)
rCorr   .          Rampage  .   m - +0 pair of gloves
Will    .....                   (no boots)
Stlth   ..........              (no amulet)
HPRegen 0.14/turn               (no ring)
MPRegen 0.10/turn               (no ring)

@: brilliant
A: foul stench 1, weakness stinger 1
a: Renounce Religion, Depart the Abyss, Bend Space, Banish


You were on level 3 of the Dungeon.
You worshipped Lugonu.
Lugonu was most pleased with you.
You visited 1 branch of the dungeon, and saw 3 of its levels.
You visited the Abyss 1 time.

You collected 102 gold pieces.

Inventory:

Hand Weapons
 a - a +1 hand axe
 p - a +0 flail (weapon)
 s - a +0 trident
 t - a +0 whip of holy wrath
Armour
 b - a +0 tower shield (worn)
 f - a +0 ring mail
 m - a +0 pair of gloves (worn)
 r - a +0 scale mail (worn)
Jewellery
 k - a ring of fire
 q - a ring of resist corrosion
Scrolls
 c - 2 scrolls of magic mapping {unknown}
 e - 2 scrolls of torment {unknown}
 g - 3 scrolls of identify {unknown}
 l - a scroll of immolation {unknown}
 u - a scroll of acquirement {unknown}
Potions
 h - a potion of degeneration {unknown}
 i - 2 potions of mutation {unknown}
 j - 2 potions of curing {unknown}
 n - a potion of haste {unknown}
 o - a potion of heal wounds {unknown}


   Skills:
 + Level 3.7 Fighting
 - Level 2.7(2.8) Axes
 * Level 0.5(1.8) Maces & Flails
 + Level 2.1 Armour
 + Level 1.2 Dodging
 + Level 0.1 Stealth
 + Level 1.5 Shields
 * Level 3.6 Invocations


You had 4 spell levels left.
You didn't know any spells.
Your spell library contained the following spells:

 Spells                   Type           Power      Damage    Failure   Level
 Apportation              Tloc           0%         N/A       100%        1
 Gell's Gravitas          Tloc           0%         N/A       100%        3
 Lesser Beckoning         Tloc           0%         N/A       100%        3
 Teleport Other           Tloc           0%         N/A       100%        3
 Cause Fear               Hex            0%         N/A       100%        4
 Alistair's Intoxication  Tmut/Pois      0%         N/A       100%        5
 Dragon Form              Tmut           0%         N/A       100%        7
 Dragon's Call            Summ           0%         N/A       100%        9


Dungeon Overview and Level Annotations

Branches:
Dungeon (3/15)

Altars:

Annotations:
D:3 Grinder


Innate Abilities, Weirdness & Mutations

You may rarely emit foul miasma when damaged in melee.
You have a small tail.


Message History

The hobgoblin attacks as you move away! The hobgoblin hits you.
* * * LOW HITPOINT WARNING * * *
Grinder blinks!
The hobgoblin hits you but does no damage.
You see here a +0 club.
The hobgoblin attacks as you move away!
The hobgoblin hits you but does no damage.
Grinder blinks!
Grinder blinks!
The hobgoblin attacks as you move away! The hobgoblin barely misses you.
You hit the hobgoblin but do no damage. The hobgoblin barely misses you.
You block the hobgoblin's attack.
You closely miss the hobgoblin.
You tail-slap the hobgoblin, but do no damage.
The hobgoblin hits you but does no damage. x2
You sock the hobgoblin!
You kill the hobgoblin!
Lugonu accepts your kill.
Grinder says, "What is the universe for?"
You block Grinder's attack.
Grinder blinks!
Grinder says, "DUCK!"
There is an open door here.
Grinder grins, showing sharp teeth.
There is an open door here.
Found a chain mail.
Grinder gestures at you. Pain shoots through your body!
* * * LOW HITPOINT WARNING * * *
Grinder blinks!
You see here a +0 club.
Grinder blinks!
You see here a hobgoblin corpse.
Grinder gestures at you.
You suddenly lose the ability to move!
You can move again.
It was a potion of brilliance.
You feel clever all of a sudden. Grinder hits you.
You die...

#.[ #.# #.# #.# #.# #####.#
###### ...#.# #....#
####.#.##########....######
.......)......†5@........>#
####)#.##########.....##.##
## #.#.# #........#
.###.#§####### #.....####
.......##....########.#
........'.5..'........#
†.....###....######.#.#
.....## ###### ##..#.#
###### #...#.#


You could see Grinder.

Vanquished Creatures
  Ijyb (D:3)
  4 gnolls (D:3)
  3 adders
  A dart slug (D:1)
  2 ball pythons (D:1)
  6 endoplasms
  A giant cockroach (D:1)
  6 hobgoblins
  5 jackals (D:1)
  3 quokkas
  4 bats
  2 frilled lizards
  5 goblins
  4 kobolds
  3 rats
50 creatures vanquished.

Notes
Turn   | Place    | Note
-------+----------+-------------------------------------------
     0 | Abyss:1  | raincastle the Demonspawn Abyssal Knight began the quest
                  | for the Orb.
     0 | Abyss:1  | Reached XP level 1. HP: 18/18 MP: 2/2
     1 | D:1      | Escaped the Abyss
   214 | D:1      | Gained mutation: You have a small tail. [demonic ancestry]
   214 | D:1      | Reached XP level 2. HP: 21/24 MP: 3/3
  1052 | D:1      | Reached skill level 1 in Dodging
  1123 | D:1      | Gained mutation: You may rarely emit foul miasma when
                  | damaged in melee. [demonic ancestry]
  1123 | D:1      | Reached XP level 3. HP: 26/29 MP: 4/4
  3025 | D:3      | Reached *** piety under Lugonu
  3048 | D:3      | Reached XP level 4. HP: 6/37 MP: 6/6
  3490 | D:3      | Reached skill level 1 in Shields
  3605 | D:3      | Noticed Ijyb
  3607 | D:3      | Noticed Grinder
  3623 | D:3      | Killed Ijyb
  3624 | D:3      | Reached XP level 5. HP: 8/42 MP: 7/7
  3691 | D:3      | HP: 1/42 [Grinder/nerve-wracking pain (13)]
  3701 | D:3      | Paralysed by Grinder for 2 turns
  3704 | D:3      | Slain by Grinder

Illustrated notes

Levels and vault maps discovered:
D:1:      dpeg_arrival_lava_temple_mockup, layout_loops_corners
D:2:      layout_rooms, serial_corexii_hall, chequers_hall_statues_corner_a,
          corexii_hall_statues_x, corexii_hall_statues_u,
          chequers_hall_statues_wall_a, patterned_corridor
D:3:      gammafunk_steamed_eel, layout_basic, dk_noncrumbling_4,
          small_statue_intersection, kennysheep_generic_room_13, uniq_jessica,
          uniq_grinder, uniq_terence, uniq_ijyb

Skill      XL: |  1  2  3  4 |
---------------+-------------+-----
Axes           | 2 |  2.7
Dodging        | 1 |  1.2
Invocations    | 3 |  3.6
Armour         | 2 |  2.1
Shields        | 1 |  1.5
Fighting       | |  3.7
Maces & Flails | |  0.5
Stealth        | |  0.1

Action                   |  1- 3 |  4- 6 || total
-------------------------+-------+-------++-------
Melee: Hand axe          |   114 |     2 ||   116
       Tailslap          |     6 |     2 ||     8
       Flail             |       |    22 ||    22
Invok: Bend Space        |    17 |       ||    17
  Use: Potion            |       |     1 ||     1
Armor: Leather armour    |    22 |       ||    22
       Scale mail        |    19 |    20 ||    39
       Ring mail         |    18 |       ||    18
Dodge: Dodged            |    69 |     9 ||    78
Block: Tower shield      |    40 |    18 ||    58
